 Dungeon Crawl Stone Soup version 0.26-a0-1126-g3318b609a0 (webtiles) character file.

Game seed: 3109297976245148206

111 stormannn the Sneak (level 4, 0/27 HPs)
             Began as an Octopode Fire Elementalist on Dec 17, 2020.
             Slain by Sigmund
             ... wielding a +0 scythe
              (12 damage)
             ... on level 3 of the Dungeon.
             The game lasted 00:04:19 (2871 turns).

stormannn the Sneak (Octopode Fire Elementalist)    Turns: 2871, Time: 00:04:20

Health: 0/27       AC:  1    Str:  7    XL:     4   Next: 92%
Magic:  0/8        EV: 14    Int: 18    God:
Gold:   98         SH:  0    Dex: 12    Spells: 8/9 levels left

rFire    . . .     SeeInvis .   e - +2 dagger (holy)
rCold    . . .     Faith    .   (no shield)
rNeg     . . .     Spirit   .   (helmet restricted)
rPois    .         Reflect  .   (no amulet)
rElec    .         Harm     .   (no ring)
rCorr    .         Rampage  .   (no ring)
Will     .....                  (no ring)
Stlth    +++.......             (no ring)
HPRegen  0.09/turn              (no ring)
MPRegen  0.11/turn              (no ring)
                                (no ring)
                                (no ring)

@: no status effects
A: almost no armour, stealthy swim, amphibious, 8 rings, constrict 8, camouflage
1, gelatinous body 1
a: no special abilities


You were on level 3 of the Dungeon.
You visited 1 branch of the dungeon, and saw 3 of its levels.

You collected 98 gold pieces.

Inventory:

Hand Weapons
 e - a +2 dagger of holy wrath (weapon)
 i - a +1 dagger of speed
Missiles
 c - 3 poisoned darts
Jewellery
 d - a cursed amulet of magic regeneration {unknown}
 k - an uncursed ring of ice {unknown}
 l - a cursed ring of teleportation {unknown}
Scrolls
 f - 7 scrolls of identify {unknown}
 h - 3 scrolls of teleportation {unknown}
 j - a scroll of amnesia {unknown}
 n - a scroll of remove curse {unknown}
Potions
 a - 3 potions of flight {unknown}
 b - 3 potions of curing {unknown}
 g - 2 potions of brilliance {unknown}
 m - a potion of attraction {unknown}
 o - a potion of cancellation {unknown}


   Skills:
 + Level 2.7 Dodging
 + Level 3.6 Stealth
 * Level 3.0 Spellcasting
 + Level 1.9 Conjurations
 + Level 3.5 Fire Magic


You had 8 spell levels left.
You knew the following spells:

 Your Spells              Type           Power        Failure   Level
a - Foxfire               Conj/Fire      48%          5%          1

Your spell library contained the following spells:

 Spells                   Type           Power        Failure   Level
 Conjure Flame            Conj/Fire      12%          16%         3
 Inner Flame              Hex/Fire       9%           24%         3
 Sticky Flame             Conj/Fire      12%          45%         4
 Fireball                 Conj/Fire      6%           82%         5


Dungeon Overview and Level Annotations

Branches:
Dungeon (3/15)

Altars:

Annotations:
D:3 Sigmund


Innate Abilities, Weirdness & Mutations

You cannot wear most types of armour.
You are very stealthy in the water. (Stealth+)
You are amphibious.
You can wear up to eight rings at the same time.
You can use your tentacles to constrict eight enemies at once.
Your skin changes colour to match your surroundings (Stealth+).
Your rubbery body absorbs attacks. (AC +1, EV +1)


Message History

The foxfire hits Sigmund.
Sigmund is heavily wounded.
The foxfire hits Sigmund.
Sigmund is severely wounded.
The foxfire hits Sigmund.
Sigmund is severely wounded.
Casting: Foxfire (safe; 5% risk of failure)
Confirm with . or Enter, or press ? or * to list all spells.
You conjure some foxfire!
Sigmund gestures wildly while chanting.
Sigmund flickers and vanishes!
Deactivating autopickup; reactivate with Ctrl-A.
The foxfire hits something. x2
You hear some strange, mumbled words.
A puff of flame appears from out of thin air!
The puff of flame hits you!
Casting: Foxfire (safe; 5% risk of failure)
Confirm with . or Enter, or press ? or * to list all spells.
You conjure some foxfire!
Something hits you!
You die...

#########
#<......#
#.#####.#
####.##v####
#......@v..#
.....##{##.#
#.## #.# .#
#.. .. ###
..# #.# @#
.#


There were no monsters in sight!

Vanquished Creatures
  Jessica (D:2)
  4 adders
  3 leopard geckos
  5 giant cockroaches
  5 goblins
  4 hobgoblins
  3 jackals (D:2)
  A ball python (D:2)
  4 bats
  6 frilled lizards
  6 kobolds
  7 rats
49 creatures vanquished.

Vanquished Creatures (others)
  111 foxfires
111 creatures vanquished.

Grand Total: 160 creatures vanquished

Notes
Turn   | Place    | Note
-------+----------+-------------------------------------------
     0 | D:1      | stormannn the Octopode Fire Elementalist began the quest
                  | for the Orb.
     0 | D:1      | Reached XP level 1. HP: 11/11 MP: 3/3
   259 | D:1      | Reached XP level 2. HP: 17/17 MP: 3/5
   945 | D:1      | Reached XP level 3. HP: 21/21 MP: 3/6
  2149 | D:2      | Reached XP level 4. HP: 27/27 MP: 2/8
  2151 | D:2      | Noticed Jessica
  2154 | D:2      | Killed Jessica
  2853 | D:3      | Noticed Sigmund
  2871 | D:3      | Slain by Sigmund

Illustrated notes

Levels and vault maps discovered:
D:1:      erik_arrival_cave_to_civilisation [erik_arrival_cave_to_hall],
          layout_loops_ring, minmay_small_reverse_x
D:2:      layout_loops_cross, uniq_jessica
D:3:      layout_loops_cross, gammafunk_temple_overflow_elements, hex_medium,
          fountainhead, grunt_ministairs_10, kennysheep_donut, uniq_sigmund

Skill      XL: |  1  2  3  4 |
---------------+-------------+-----
Stealth        | 3 |  3.6
Spellcasting   | 3 |  3.0
Dodging        | |  2.7
Conjurations   | |  1.9
Fire Magic     | |  3.5

Action                   |  1- 3 |  4- 6 || total
-------------------------+-------+-------++-------
Melee: Dagger            |    15 |     7 ||    22
       Constrict         |     5 |     2 ||     7
       Tentacles         |     1 |       ||     1
 Cast: Foxfire           |    48 |    21 ||    69
 Stab: Sleeping          |     1 |     1 ||     2
Armor: Skin              |     3 |       ||     3
Dodge: Dodged            |    14 |     9 ||    23

Table legend: (Time is in decaauts)
 A = Elapsed time spent in this place.
 B = Non-inter-level travel time spent in this place.
 C = Inter-level travel time spent in this place.
 D = Time resting spent in this place.
 E = Time spent auto-exploring this place.
 F = Levels seen in this place.
 G = Mean time per level.
                   A        B        C        D        E       F      G
               +--------+--------+--------+--------+--------+-----+--------+
         Total |   2873 |   2782 |     91 |   1134 |   1311 |   3 |  957.7 |
       Dungeon |   2873 |   2782 |     91 |   1134 |   1311 |   3 |  957.7 |
               +--------+--------+--------+--------+--------+-----+--------+

Top non-repeatable levels by time:
     D:1: 1832 daAuts
     D:2: 1018 daAuts
     D:3: 22 daAuts
